 Dungeon Crawl Stone Soup version 0.32-a0-616-g9348d4545b (webtiles) character file.

Game seed: 250234449792708568

56 jlumianski the Ruffian (level 3, 0/35 HPs)
             Began as a Troll Gladiator on Mar 6, 2024.
             Slain by an iguana (10 damage)
             ... on level 2 of the Dungeon.
             The game lasted 00:05:42 (928 turns).

jlumianski the Ruffian (Troll Gladiator)             Turns: 928, Time: 00:05:43

Health: 0/35       AC:  4    Str: 22    XL:     3   Next: 69%
Magic:  2/2        EV: 10    Int:  6    God:
Gold:   104        SH:  0    Dex: 11    Spells: 2/2 levels left

rFire   . .          .
                       - Unarmed
rCold   . . .        (no shield)
rNeg    . . .        a - +0 robe
rPois   .            b - +0 hat
rElec   .            (no cloak)
rCorr   .            (gloves unavailable)
SInv    .            (boots unavailable)
Will    +....        (no amulet)
Stlth   +            e - ring of willpower
HPRegen 1.05/turn    (no ring)
MPRegen 0.08/turn

%: no passive effects
@: no status effects
A: large, unfitting armour, claws 3, regeneration 1, shaggy fur 1, tough skin 1
a: no special abilities


You were on level 2 of the Dungeon.
You visited 1 branch of the dungeon, and saw 3 of its levels.

You collected 104 gold pieces.

Inventory:

Missiles
 c - 3 throwing nets (quivered)
 d - a large rock
Armour
 a - a +0 robe (worn)
 b - a +0 hat (worn)
Jewellery
 e - a ring of willpower (left claw)
Scrolls
 g - a scroll of immolation {unknown}
 i - a scroll of vulnerability {unknown}
 k - a scroll of teleportation {unknown}
 m - a scroll of blinking {unknown}
Potions
 f - a potion of might {unknown}
 h - a potion of curing {unknown}
 j - a potion of lignification {unknown}
 l - a potion of brilliance {unknown}


   Skills:
 + Level 1.8 Fighting
 - Level 1.8 Throwing
 + Level 3.0 Dodging
 + Level 4.0 Unarmed Combat


You had 2 spell levels left.
You didn't know any spells.
Your spell library contained the following spells:

 Spells                   Type           Power      Damage    Failure   Level
 Animate Dead             Necr           0%         N/A       99%         4
 Vhi's Electric Charge    Tloc/Air       0%         N/A       99%         4
 Arcjolt                  Conj/Air       0%         1d10      100%        5
 Infestation              Necr           0%         N/A       100%        8
 Maxwell's Capacitive Co  Air            0%         ∞         100%        8


Dungeon Overview and Level Annotations

Branches:
Dungeon (3/15)

Altars:


Innate Abilities, Weirdness & Mutations

You are too large for most types of armour.
You have claws for hands.
Your natural rate of healing is unusually fast.
You are covered in fur. (AC +1)
You have tough skin. (AC +1)


Message History

Found an escape hatch in the ceiling.
The rat bites you but does no damage.
You scratch the rat.
You kill the rat!
Found 13 gold pieces.
An iguana comes into view.
The iguana hisses angrily.
An adder comes into view.
The adder moves out of view.
The adder hisses angrily.
You claw the iguana!
The iguana is heavily wounded.
The iguana barely misses you.
You scratch the iguana but do no damage.
The iguana is heavily wounded.
The adder bites you.
You are poisoned.
The adder poisons you! The iguana misses you.
You barely miss the iguana.
The iguana is heavily wounded.
You feel sick. The adder bites you but does no damage. The iguana bites you!
You barely miss the iguana.
The iguana is heavily wounded.
You feel sick. The adder bites you.
You closely miss the adder.
You feel sick. The adder barely misses you.
The iguana bites you but does no damage.
The adder bites you but does no damage.
You closely miss the adder.
You feel sick. The iguana bites you. The adder bites you.
You scratch the adder but do no damage.
You feel sick. The iguana bites you.
* * * LOW HITPOINT WARNING * * *
The adder bites you but does no damage.
You barely miss the adder.
You feel sick.
You are no longer poisoned.
The adder barely misses you. The iguana bites you.
* * * LOW HITPOINT WARNING * * *
The adder bites you but does no damage. The iguana barely misses you.
The adder barely misses you. The iguana attacks as it pursues you!
The iguana bites you!
You die...

######### # #.......#
..### #.......#
#....##.......#
#..........# .
#....###... ##### ##.#
##.#lS$.....
....####..###..#@####...
...<#.........#).# .
....#...##..#...#####.
....#..# ##............
..†.#.### #............
........###............
.....).................
.......................
..#....#####.#.........


You could see an iguana and an adder.

Vanquished Creatures
  2 adders
  2 endoplasms (D:1)
  3 giant cockroaches (D:1)
  5 goblins (D:1)
  5 hobgoblins
  4 kobolds
  2 quokkas
  3 ball pythons
  3 bats
  6 frilled lizards
  3 rats
38 creatures vanquished.

Notes
Turn   | Place    | Note
-------+----------+-------------------------------------------
     0 | D:1      | jlumianski the Troll Gladiator began the quest for the Orb.
     0 | D:1      | Reached XP level 1. HP: 19/19 MP: 0/0
   114 | D:1      | Reached XP level 2. HP: 28/28 MP: 1/1
   221 | D:1      | Got the Teachings on Airborne Desecration
   361 | D:1      | Reached XP level 3. HP: 35/35 MP: 2/2
   724 | D:2      | Found a faded altar of an unknown god.
   890 | D:3      | Reached skill level 4 in Unarmed Combat
   928 | D:2      | Slain by an iguana

Illustrated notes

Levels and vault maps discovered:
D:1:      giann_wishing_wells, layout_loops_ring, st_stairs_3
D:2:      layout_rooms, basic_ecumenical_altar, minmay_lizard_king
D:3:      layout_basic

Skill      XL: |  1  2  3 |
---------------+----------+-----
Dodging        | 3 |  3.0
Unarmed Combat | 4 |  4.0
Fighting       | |  1.8
Throwing       | |  1.8

Action                     || total
---------------------------++-------
  Melee: Unarmed           ||    76
   Stab: Sleeping          ||     1
 Armour: Robe              ||    55
  Dodge: Dodged            ||    42

Table legend: (Time is in decaauts)
 A = Elapsed time spent in this place.
 B = Non-inter-level travel time spent in this place.
 C = Inter-level travel time spent in this place.
 D = Time resting spent in this place.
 E = Time spent auto-exploring this place.
 F = Levels seen in this place.
 G = Mean time per level.
                   A        B        C        D        E       F      G
               +--------+--------+--------+--------+--------+-----+--------+
         Total |    925 |    925 |      0 |      0 |    395 |   3 |  308.3 |
       Dungeon |    925 |    925 |      0 |      0 |    395 |   3 |  308.3 |
               +--------+--------+--------+--------+--------+-----+--------+

Top non-repeatable levels by time:
     D:1: 608 daAuts
     D:2: 239 daAuts
     D:3: 77 daAuts
